 Dungeon Crawl Stone Soup version 0.30-a0-135-g630cfc4551 (webtiles) character file.

Game seed: 5573638149143283447

523858 Hubris850 the Executioner (level 25, -2/253 HPs)
             Began as a Hill Orc Fighter on Sept 19, 2022.
             Was the Champion of Makhleb.
             Slain by a purple draconian
             ... wielding a +0 battleaxe
              (20 damage)
             ... on level 3 of the Realm of Zot on Sept 20, 2022.
             The game lasted 03:16:42 (45301 turns).

Hubris850 the Executioner (Hill Orc Fighter)       Turns: 45301, Time: 03:16:42

Health: -2/253     AC: 46    Str: 33    XL:     25   Next: 38%
Magic:  35/35      EV: 19    Int:  8    God:    Makhleb [******]
Gold:   4701       SH:  0    Dex: 20    Spells: 30/30 levels left

rFire   . . .      SeeInvis .    a - +6 battleaxe "Oluecute" {spect, Dex+4}
rCold   . . .      Faith    .    (shield currently unavailable)
rNeg    + . .      Spirit   .    e - +5 crystal plate armour of Dice, Bag, and Bottle {Str+3}
rPois   +          Reflect  .    Z - +2 helmet of Fyshregy {rElec}
rElec   +          Harm     .    K - +1 cloak of Starlight {*Dazzle EV+4 Stlth--}
rCorr   +          Rampage  .    P - +2 pair of gloves {Str+3}
Will    +....                    v - +2 pair of boots of the Teacher {rElec Regen+}
Stlth   ..........               R - amulet of regeneration
HPRegen 2.12/turn                N - +4 ring of slaying
MPRegen 0.24/turn                Q - ring "Sidghiet" {rPois rN+ rCorr}

@: slowed, studying 3 skills, very slow
A: hooves 1, iridescent scales 1, thin skeletal structure 1
}: 3/15 runes: decaying, silver, gossamer
a: Renounce Religion, Minor Destruction, Lesser Servant of Makhleb, Major
Destruction, Greater Servant of Makhleb


You were on level 3 of the Realm of Zot.
You worshipped Makhleb.
Makhleb was exalted by your worship.
You visited 9 branches of the dungeon, and saw 45 of its levels.
You visited the Abyss 4 times.
You also visited: Sewer, Ice Cave and Wizlab.

You collected 8918 gold pieces.
You spent 4217 gold pieces at shops.

Inventory:

Hand Weapons
 a - the +6 battleaxe "Oluecute" (weapon) {spect, Dex+4}
   (You found it on level 6 of the Dungeon)

   When its wielder attacks, the weapon's spirit leaps out and strikes again.
   The spirit shares a part of any damage it takes with its wielder.
   Dex:       It affects your dexterity (+4).
 b - the +8 longbow "Zephyr" {speed, Dex+3 SInv}
   (You found it on level 4 of the Vaults)

   Attacks with this weapon are significantly faster.
   Dex:       It affects your dexterity (+3).
   SInv:      It lets you see invisible.
 E - the +8 arbalest of the Bespelling Seer {elec, rElec rPois Will+++ Dex-3}
   (You took it off a tengu warrior on level 3 of the Depths)

   Any ammunition fired from it occasionally discharges a powerful burst of
   electricity upon striking a foe.
   Dex:       It affects your dexterity (-3).
   rElec:     It insulates you from electricity.
   rPois:     It protects you from poison.
   Will:      It greatly increases your willpower.
Missiles
 g - 9 javelins
 A - 2 silver boomerangs (quivered)
Armour
 e - the +5 crystal plate armour of Dice, Bag, and Bottle (worn) {Str+3}
   (You acquired it on level 3 of the Dungeon)

   Str:       It affects your strength (+3).
 v - the +2 pair of boots of the Teacher (worn) {rElec Regen+}
   (You bought it in a shop on level 2 of the Orcish Mines)

   rElec:     It insulates you from electricity.
   Regen:     It increases your rate of health regeneration.
 J - the +3 faerie dragon scales {rN+ rCorr SInv}
   (You took it off the Enchantress on level 3 of the Depths)

   rN:        It protects you from negative energy.
   SInv:      It lets you see invisible.
   rCorr:     It protects you from acid and corrosion.
 K - the +1 cloak of Starlight (worn) {*Dazzle EV+4 Stlth--}
   (You found it on level 7 of the Dungeon)

   It may blind those who miss an attack against the wearer in melee combat.
   EV:        It affects your evasion (+4).
   Stlth:     It makes you much less stealthy.
 P - a +2 pair of gloves of strength (worn)
 Z - the +2 helmet of Fyshregy (worn) {rElec}
   (You found it on level 5 of the Vaults)

   rElec:     It insulates you from electricity.
Jewellery
 j - a ring of protection from fire
 m - a ring of resist corrosion
 N - a +4 ring of slaying (left hand)
 O - a +4 ring of evasion
 Q - the ring "Sidghiet" (right hand) {rPois rN+ rCorr}
   (You found it on level 3 of the Elven Halls)

   [ring of resist corrosion]

   rPois:     It protects you from poison.
   rN:        It protects you from negative energy.
   rCorr:     It protects you from acid and corrosion.
 R - an amulet of regeneration (around neck)
 V - a ring of see invisible
Wands
 q - a wand of mindburst (15)
 w - a wand of roots (79)
 x - a wand of charming (24)
 F - a wand of digging (6)
 W - a wand of acid (38)
Scrolls
 f - 2 scrolls of amnesia
 h - 3 scrolls of summoning
 n - 8 scrolls of magic mapping
 p - 8 scrolls of blinking
 t - a scroll of silence
 u - 16 scrolls of teleportation
 z - 4 scrolls of fear
 B - a scroll of enchant armour
 D - 2 scrolls of enchant weapon
 G - 8 scrolls of fog
 T - 3 scrolls of immolation
 U - 5 scrolls of poison
Potions
 c - 6 potions of ambrosia
 d - 3 potions of brilliance
 i - 13 potions of flight
 k - 3 potions of cancellation
 l - 5 potions of berserk rage
 r - 6 potions of haste
 C - 2 potions of invisibility
 H - 3 potions of magic
 I - 3 potions of heal wounds
 L - 2 potions of resistance
 M - 23 potions of curing
 Y - 4 potions of might
Miscellaneous
 s - a condenser vane (inert)


   Skills:
 - Level 26.1 Fighting
 - Level 26.8 Axes
 + Level 12.9 Ranged Weapons
 - Level 13.3 Throwing
 - Level 17.3 Armour
 - Level 13.8 Dodging
 - Level 6.0 Shields
 - Level 3.4 Spellcasting
 - Level 17.9 Invocations
 - Level 10.4 Evocations


You had 30 spell levels left.
You didn't know any spells.
Your spell library contained the following spells:

 Spells                   Type           Power      Damage    Failure   Level
 Apportation              Tloc           2%         N/A       97%         1
 Foxfire                  Conj/Fire      4%         2x1d4     97%         1
 Freeze                   Ice            4%         1d3       97%         1
 Magic Dart               Conj           4%         1d3       97%         1
 Necrotise                Necr           4%         1d4       97%         1
 Sandblast                Erth           2%         2d4       97%         1
 Shock                    Conj/Air       4%         1d3       97%         1
 Sting                    Tmut/Pois      4%         1d3       97%         1
 Summon Small Mammal      Summ           4%         N/A       97%         1
 Blink                    Tloc           2%         N/A       99%         2
 Ensorcelled Hibernation  Hex/Ice        2%         N/A       99%         2
 Passwall                 Tmut/Erth      0%         N/A       99%         2
 Poisonous Vapours        Pois/Air       2%         N/A       99%         2
 Scorch                   Fire           2%         2d5       99%         2
 Searing Ray              Conj           2%         2d4       99%         2
 Static Discharge         Conj/Air       2%         2-3/arc   99%         2
 Sublimation of Blood     Necr           1%         N/A       99%         2
 Wereblood                Tmut           1%         N/A       99%         2
 Call Canine Familiar     Summ           1%         N/A       100%        3
 Confusing Touch          Hex            1%         N/A       100%        3
 Dazzling Flash           Conj/Hex       2%         N/A       100%        3
 Ignite Poison            Fire/Tmut/Pois 1%         N/A       100%        3
 Inner Flame              Hex/Fire       1%         N/A       100%        3
 Kindle Blastsparks       Fire/Tloc/Air  2%         2d10      100%        3
 Lesser Beckoning         Tloc           1%         N/A       100%        3
 Ozocubu's Armour         Ice            1%         N/A       100%        3
 Portal Projectile        Hex/Tloc       2%         N/A       100%        3
 Spider Form              Tmut/Pois      1%         N/A       100%        3
 Stone Arrow              Conj/Erth      2%         3d7       100%        3
 Summon Guardian Golem    Hex/Summ       1%         N/A       100%        3
 Swiftness                Air            1%         N/A       100%        3
 Vampiric Draining        Necr           1%         2d6       100%        3
 Airstrike                Air            0%         2d(1-17)  100%        4
 Anguish                  Hex/Necr       0%         N/A       100%        4
 Animate Armour           Summ/Erth      2%         N/A       100%        4
 Cause Fear               Hex            0%         N/A       100%        4
 Dispel Undead            Necr           1%         3d6       100%        4
 Flame Wave               Conj/Fire      1%         2d4       100%        4
 Fulminant Prism          Conj/Hex       0%         3d6       100%        4
 Hailstorm                Conj/Ice       1%         3d3       100%        4
 Ice Form                 Ice/Tmut       1%         N/A       100%        4
 Iskenderun's Mystic Bla  Conj/Tloc      1%         2d3       100%        4
 Leda's Liquefaction      Hex/Erth       0%         N/A       100%        4
 Manifold Assault         Tloc           1%         N/A       100%        4
 Olgreb's Toxic Radiance  Pois           1%         N/A       100%        4
 Sticky Flame             Conj/Fire      1%         2d3       100%        4
 Summon Lightning Spire   Summ/Air       1%         N/A       100%        4
 Agony                    Necr           1%         N/A       100%        5
 Alistair's Intoxication  Tmut/Pois      0%         N/A       100%        5
 Arcjolt                  Conj/Air       0%         1d10      100%        5
 Blade Hands              Tmut           0%         N/A       100%        5
 Borgnjor's Vile Clutch   Necr/Erth      0%         N/A       100%        5
 Iskenderun's Battlesphe  Conj           1%         2d6       100%        5
 Metabolic Englaciation   Hex/Ice        0%         N/A       100%        5
 Silence                  Hex/Air        0%         N/A       100%        5
 Summon Forest            Summ/Tloc      0%         N/A       100%        5
 Summon Mana Viper        Hex/Summ       1%         N/A       100%        5
 Yara's Violent Unravell  Hex/Tmut       0%         3d3       100%        5
 Eringya's Noxious Bog    Tmut/Pois      0%         N/A       100%        6
 Iron Shot                Conj/Erth      0%         9d1       100%        6
 Simulacrum               Ice/Necr       0%         N/A       100%        6
 Starburst                Conj/Fire      0%         6d3       100%        6
 Summon Cactus Giant      Summ           0%         N/A       100%        6
 Dragon Form              Tmut           0%         N/A       100%        7
 Enfeeble                 Hex            0%         N/A       100%        7
 Orb of Destruction       Conj           0%         9d5       100%        7
 Ozocubu's Refrigeration  Ice            0%         4d7       100%        7
 Spellforged Servitor     Conj/Summ      0%         N/A       100%        7
 Storm Form               Tmut/Air       0%         N/A       100%        7
 Summon Hydra             Summ           0%         N/A       100%        7
 Borgnjor's Revivificati  Necr           0%         N/A       100%        8
 Maxwell's Capacitive Co  Air            0%         ∞         100%        8
 Chain Lightning          Conj/Air       0%         2d1       100%        9
 Dragon's Call            Summ           0%         N/A       100%        9
 Fire Storm               Conj/Fire      0%         6d1       100%        9
 Shatter                  Erth           0%         3d5*      100%        9


Dungeon Overview and Level Annotations

Branches:
Dungeon (15/15)            Temple (0/1) D:6            Lair (5/5) D:11
  Swamp (4/4) Lair:3       Spider (4/4) Lair:3        Slime (0/5) Lair:5
    Orc (2/2) D:11            Elf (3/3) Orc:2        Vaults (5/5) D:14
  Crypt (0/3) Vaults:2     Depths (4/4) D:15            Zot (3/5) Depths:4
  Sewer (visited)           IceCv (visited)          WizLab (visited)

Altars:
Ashenzari
Cheibriados
Dithmenos
Elyvilon
Hepliaklqana
Makhleb
Nemelex Xobeh
Qazlal
Ru
Sif Muna
Trog
Vehumet
Xom
Yredelemnul
The Shining One
Beogh

Shops:
D:10 *   Orc:2 [[(![   Elf:1 (   Elf:2 =(:*[   Elf:3 ?   Vaults:5 !

Portals:
Hell: Depths:1 Depths:2 Depths:3 Depths:4
Abyss: Depths:1 Depths:2 Depths:3
Pandemonium: Depths:2
Ziggurat: Depths:1


Innate Abilities, Weirdness & Mutations

You have large cloven feet.
You are partially covered in iridescent scales. (AC +2)
You have a somewhat thin skeletal structure. (Dex +2, Stealth+)


Message History

You hear a deafening roar!
The death cob completely misses you.
You slash the death cob!
The death cob is heavily damaged.
The death cob barely misses you.
The storm dragon rages.
The death cob barely misses you.
A moth of wrath comes into view.
The death cob closely misses you.
You miss the death cob.
The death cob is heavily damaged.
The golden dragon is no longer blind.
The death cob hits you but does no damage.
The storm dragon rages.
The death cob barely misses you.
A shadow dragon comes into view.
You hit the tentacled monstrosity.
The tentacled monstrosity is lightly wounded.
Your surroundings suddenly seem different.
A purple draconian and a black draconian come into view.
Found 28 gold pieces.
Found a stone staircase leading up and a stone staircase leading down.
The black draconian breathes lightning at you.
The bolt of lightning hits you! You resist.
* * * LOW HITPOINT WARNING * * *
The bolt of lightning misses you.
You hear a deafening roar!
The black draconian hits you with a +0 battleaxe!
* * * LOW HITPOINT WARNING * * *
The purple draconian breathes dispelling energy at you.
The bolt of dispelling energy misses you.
The black draconian attacks as you move away!
The black draconian hits you with a +0 battleaxe.
* * * LOW HITPOINT WARNING * * *
The moth of wrath attacks as you move away!
The moth of wrath barely misses you.
The moth of wrath goads the purple draconian on!
The purple draconian goes berserk!
The purple draconian hits you with a +0 battleaxe!!
You die...

. .. #..###
#....########
#.^...y...#
#...@d....#
#..$.d....# ≈
#.<..........
≈.###
#...........#
≈....
#........>..§§
.....
#.........#####
##...
#.........#
.....
#.........#
##... #...


You could see a black draconian, a purple draconian (berserk) and a moth of
wrath.

Vanquished Creatures
  A dread lich (Abyss:2)
  2 ancient liches (Abyss:3)
  Mennas (Vaults:5)
  Margery (Vaults:4)
  Saint Roka (Elf:3)
  A curse toe (Zot:2)
  7 golden dragons
  the Enchantress (Depths:3)
  4 bone dragons
  An electric golem (Zot:2)
  An Ice Fiend (Depths:2)
  7 tentacled monstrosities
  Asterion (Vaults:3)
  2 liches
  Zenata (Vaults:2)
  4 deep elf master archers
  2 quicksilver dragons
  5 titans
  2 deep elf blademasters (Elf:3)
  Gastronok (D:9)
  7 death cobs
  A thorn hunter (WizLab)
  2 tentacled starspawn
  5 storm dragons
  6 tengu reavers
  5 sphinxes
  A shadow dragon (Zot:1)
  5 fenstrider witches
  2 draconian knights
  3 draconian monks (Zot:2)
  11 fire giants
  3 deep elf sorcerers
  2 emperor scorpions
  Louise (Depths:1)
  19 vault wardens
  12 frost giants
  5 ghost moths
  A draconian scorcher (Zot:2)
  An iron dragon (Depths:4)
  A draconian stormcaller (Zot:1)
  A draconian shifter (Depths:4)
  2 reapers
  3 orc warlords
  5 broodmothers
  A cacodemon (Abyss:3)
  2 deep elf elementalists (Elf:3)
  A war gargoyle (Vaults:4)
  17 ironbound preservers
  19 very ugly things
  A draconian annihilator (Zot:1)
  7 ironbound thunderhulks
  3 spriggan defenders (Depths:3)
  13 stone giants
  3 deep elf demonologists
  3 vampire knights
  7 dire elephants
  6 eleionomae
  A green draconian (Zot:1)
  2 white draconians (Zot:2)
  8 black draconians
  8 purple draconians
  3 deep elf annihilators
  5 red draconians
  6 entropy weavers
  4 yellow draconians
  17 spark wasps
  5 bunyips
  A merfolk impaler (Depths:3)
  An eidolon (Abyss:2)
  Josephine (D:14)
  8 ettins
  2 deep elf death magi
  11 fire dragons
  Fannar (Lair:2)
  18 yaktaur captains
  8 great orbs of eyes
  3 shambling mangroves
  7 deep elf high priests
  The ghost of jlumianski the Cleaver, a journeyman GrGl of Qazlal (D:12)
  A catoblepas (Lair:5)
  6 ice dragons
  2 peacekeepers
  10 hydras
  A caustic shrike simulacrum (Depths:2)
  4 spriggan air magi
  32 vault guards
  A rakshasa (Depths:3)
  2 ghost crabs (Swamp:4)
  6 ironbound frosthearts (Vaults:3)
  15 centaur warriors
  A death knight (D:12)
  7 boulder beetles
  3 satyrs (WizLab)
  4 radroaches
  5 two-headed ogres
  25 dancing weapons
  9 alligators
  20 death yaks
  2 deep troll shamans
  An orc high priest (Orc:2)
  6 tengu warriors
  Urug (Lair:4)
  4 deep troll earth magi
  13 hell knights
  A hell hog (Abyss:3)
  3 soul eaters
  9 deep elf knights
  A sun demon (Depths:2)
  Sonja (Lair:5)
  2 sixfirhies (Abyss:3)
  A skeletal warrior (D:12)
  4 sun moths
  A wretched star (Abyss:3)
  A shadow wraith (Vaults:5)
  4 iron trolls
  5 pharaoh ants
  2 swamp dragons
  2 flayed ghosts
  A steelbarb worm (shapeshifter) (Vaults:5)
  An obsidian statue (IceCv)
  6 steelbarb worms
  A salamander mystic (Depths:3)
  2 spectral hydras (Swamp:4)
  6 deep elf archers
  10 spriggan simulacra (IceCv)
  49 deep trolls
  7 bog bodies
  9 goliath frogs
  2 large abominations
  5 orb spiders
  12 lindwurms
  5 spriggan druids
  10 orc knights
  7 starcursed masses
  A tengu zombie (Vaults:3)
  The ghost of Lance11888 the Summoner, a novice KoDe of Ashenzari (D:7)
  3 harpies (Vaults:3)
  16 ironbound convokers
  7 wizards
  4 phantasmal warriors
  9 necromancers
  2 oklob plants (WizLab)
  14 wolf spiders
  26 deep elf pyromancers
  28 deep elf zephyrmancers
  43 ugly things
  2 manticores
  10 cyclopes
  5 will-o-the-wisps
  A spectral centaur (D:12)
  4 orc sorcerers (Orc:2)
  4 fauns (WizLab)
  11 elephants
  14 moths of wrath
  2 salamanders (Depths:3)
  An elephant (shapeshifter) (Vaults:5)
  4 black mambas
  2 guardian serpents (D:11)
  4 smoke demons
  8 torpor snails
  22 vault sentinels
  Psyche (D:9)
  2 spectral redbacks (D:12)
  61 yaktaurs
  7 komodo dragons
  17 cane toads
  4 demonic crawlers
  An unseen horror (D:7)
  An efreet (D:15)
  An anaconda simulacrum (IceCv)
  A hellwing (Abyss:1)
  6 swamp worm zombies (Swamp:4)
  2 ice devils (IceCv)
  A golden dragon simulacrum (IceCv)
  3 ancient zymes
  4 freezing wraiths
  8 hydra zombies (Swamp:4)
  A tengu conjurer (D:14)
  A red devil (Depths:2)
  23 hornets
  7 trolls
  6 polar bears
  A queen bee (D:13)
  A bloated husk (Swamp:1)
  5 meliai
  A polar bear (shapeshifter) (Vaults:5)
  14 tarantellas
  A tengu simulacrum (Depths:2)
  8 tyrant leeches
  5 alligator zombies (Swamp:4)
  22 blink frogs
  A blink frog (shapeshifter) (Elf:2)
  20 slime creatures
  4 flying skulls (Abyss:3)
  23 culicivoras
  Sigmund (D:3)
  4 shadows
  A centaur simulacrum (D:15)
  15 spriggans
  3 air elementals
  27 jumping spiders
  4 spectral swamp dragons (Swamp:4)
  2 vampires (Vaults:2)
  A spriggan (shapeshifter) (Elf:1)
  A ynoxinul (Abyss:3)
  A dire elephant simulacrum (IceCv)
  3 wraiths (D:14)
  3 wyverns
  7 water elementals
  A fire elemental (Elf:2)
  2 basilisks
  41 yaks
  A chaos spawn (Depths:2)
  A neqoxec (Abyss:3)
  8 minotaur simulacra (IceCv)
  16 vampire mosquitoes
  A glowing shapeshifter zombie (Vaults:3)
  3 small abominations
  Edmund (D:5)
  30 redbacks
  13 swamp worms
  16 water moccasins
  3 acid dragons
  A glowing shapeshifter skeleton (Vaults:3)
  2 hell hounds
  A water moccasin (shapeshifter) (Vaults:5)
  2 human skeletons (Vaults:3)
  3 swamp drakes
  An alligator simulacrum (IceCv)
  A sky beast (D:7)
  3 black bears
  A black bear (shapeshifter) (Elf:2)
  24 orc warriors
  2 ettin simulacra (IceCv)
  4 swamp dragon zombies (Swamp:4)
  5 wolves (Lair:5)
  14 ogres
  3 boggarts (Vaults:2)
  8 centaurs
  4 kobold brigands
  2 phantoms (Swamp:4)
  Blork the orc (D:5)
  9 bullfrogs
  A gnoll sergeant (D:10)
  A scorpion (D:6)
  2 necrophages
  10 deep troll simulacra (IceCv)
  3 earth elementals
  12 wights
  11 killer bees (D:13)
  3 lindwurm simulacra (IceCv)
  2 howler monkeys
  An electric eel (D:6)
  4 jellies
  2 quasits
  14 orc priests
  4 iguanas
  Natasha (thrice) (D:3)
  22 orc wizards
  2 spectral swamp drakes (Swamp:4)
  A boggart simulacrum (D:12)
  18 gnolls
  5 adders
  3 white imps
  2 worms (D:2)
  2 dart slugs
  50 orcs
  15 endoplasms
  15 giant cockroaches
  12 goblins
  11 hobgoblins
  2 jackals (D:3)
  30 kobolds
  13 quokkas
  9 ball pythons
  3 bats
  9 frilled lizards
  5 rats
  A bush (WizLab)
  15 butterflies
  A lurking horror (Abyss:2)
  A plant (Lair:4)
1838 creatures vanquished.

Vanquished Creatures (collateral kills)
  An Ice Fiend (IceCv)
  3 deep elf blademasters (Elf:3)
  A tengu reaver (Depths:3)
  A deep elf sorcerer (Elf:3)
  2 deep elf elementalists (Elf:3)
  A ghost moth (Spider:4)
  An entropy weaver (Spider:4)
  A deep elf annihilator (Elf:3)
  3 deep elf death magi (Elf:3)
  A deep elf high priest (Elf:3)
  A spriggan air mage (Depths:3)
  2 dancing weapons (Elf:2)
  A death knight (D:12)
  A skeletal warrior (D:12)
  2 deep trolls (Depths:3)
  A phantasmal warrior (Vaults:5)
  A glowing orange brain (Depths:3)
  A deep elf archer (Elf:3)
  2 ironbound convokers (Vaults:4)
  A spriggan simulacrum (IceCv)
  An orc knight (Vaults:5)
  A moth of wrath (Spider:4)
  3 yaktaurs (Vaults:4)
  2 freezing wraiths
  A slime creature (Vaults:4)
  A dire elephant simulacrum (IceCv)
  A minotaur simulacrum (IceCv)
  An orc warrior (Orc:2)
  An ettin simulacrum (IceCv)
  An ogre (Orc:2)
  A deep troll simulacrum (IceCv)
  An orc priest (Orc:2)
  3 orc wizards (Orc:2)
  2 gnolls (Orc:2)
  5 orcs
53 creatures vanquished.

Vanquished Creatures (others)
  A ghost crab (Swamp:4)
  A phantasmal warrior (Swamp:4)
  A deep elf zephyrmancer (Elf:2)
  An ironbound convoker (Vaults:5)
  10 bloated husks
  A hornet (Swamp:4)
  A vampire (Vaults:2)
  A spriggan (Swamp:4)
  A fire bat (Abyss:3)
  4 phantoms (Swamp:4)
  2 orcs (Vaults:5)
  18 foxfires
  24 fungi
  44 plants
  2 starspawn tentacles (Abyss:1)
112 creatures vanquished.

Grand Total: 2003 creatures vanquished

Notes
Turn   | Place    | Note
-------+----------+-------------------------------------------
     0 | D:1      | Hubris850 the Hill Orc Fighter began the quest for the Orb.
     0 | D:1      | Reached XP level 1. HP: 19/19 MP: 1/1
   114 | D:1      | Reached XP level 2. HP: 27/27 MP: 2/2
   431 | D:1      | Found a faded altar of an unknown god.
   682 | D:1      | Gained mutation: You have a somewhat thin skeletal
                  | structure. (Dex +2, Stealth+) [potion of mutation]
   682 | D:1      | Gained mutation: You have hidden genetic potential. [potion
                  | of mutation]
   765 | D:2      | Reached XP level 3. HP: 33/33 MP: 3/3
  1005 | D:2      | Gained mutation: You are partially covered in iridescent
                  | scales. (AC +2) [hidden potential]
  1581 | D:2      | Reached XP level 4. HP: 18/40 MP: 4/4
  1612 | D:2      | Gained mutation: You have large cloven feet. [hidden
                  | potential]
  1612 | D:2      | Lost mutation: You have hidden genetic potential. [hidden
                  | potential expressed]
  2009 | D:3      | Found a sparkling altar of Nemelex Xobeh.
  2147 | D:3      | Noticed Natasha
  2150 | D:3      | Killed Natasha
  2151 | D:3      | Reached XP level 5. HP: 46/46 MP: 5/5
  2192 | D:3      | Found a glowing drain.
  2210 | Sewer    | Entered a sewer
  2328 | Sewer    | Reached skill level 5 in Axes
  2577 | Sewer    | Reached skill level 5 in Shields
  2577 | Sewer    | Reached XP level 6. HP: 42/52 MP: 6/6
  2860 | D:3      | Noticed Natasha
  2864 | D:3      | Killed Natasha
  2879 | D:3      | Identified a scroll of acquirement
  2881 | D:3      | Acquired the +5 crystal plate armour of Dice, Bag, and
                  | Bottle {Str+3}
  2904 | D:3      | Noticed Natasha
  2909 | D:3      | Killed Natasha
  3012 | D:3      | Noticed Sigmund
  3033 | D:3      | Killed Sigmund
  3034 | D:3      | Reached XP level 7. HP: 58/59 MP: 7/7
  3096 | D:3      | Reached skill level 5 in Armour
  3428 | D:4      | Found a burning altar of Makhleb.
  3434 | D:4      | Became a worshipper of Makhleb the Destroyer
  3631 | D:5      | Entered Level 5 of the Dungeon
  3647 | D:5      | Noticed Blork the orc
  3659 | D:5      | Reached skill level 1 in Invocations
  3664 | D:5      | Killed Blork the orc
  3665 | D:5      | Reached XP level 8. HP: 61/66 MP: 7/9
  3879 | D:5      | Noticed Edmund
  3898 | D:5      | Killed Edmund
  4252 | D:5      | Found a snail-covered altar of Cheibriados.
  4660 | D:6      | Reached skill level 5 in Invocations
  4696 | D:6      | Identified the +6 battleaxe "Oluecute" {spect, Dex+4}
  4760 | D:6      | Reached * piety under Makhleb
  4795 | D:6      | Reached XP level 9. HP: 61/71 MP: 11/13
  5036 | D:6      | Found a white marble altar of Elyvilon.
  5286 | D:6      | Found a staircase to the Ecumenical Temple.
  5347 | D:6      | Found a broken altar of Ashenzari.
  5351 | D:6      | Saw a vision of the Swamp and the Spider Nest.
  5351 | D:6      | Noticed a bunyip
  5351 | D:6      | Noticed a bog body
  5351 | D:6      | Noticed a wolf spider
  5351 | D:6      | Noticed a tarantella
  5351 | D:6      | Noticed a moth of wrath
  5352 | D:6      | Noticed a spark wasp
  5352 | D:6      | Noticed a pharaoh ant
  5352 | D:6      | Noticed a radroach
  5352 | D:6      | Noticed a steelbarb worm
  5354 | D:6      | Noticed a demonic crawler
  5481 | D:7      | Noticed Lance11888's ghost (novice KoDe)
  5481 | D:7      | Found a runed translucent gate.
  5481 | D:7      | Found a runed translucent gate.
  5481 | D:7      | Found a runed translucent gate.
  5491 | D:7      | Identified the +1 chain mail "Pouna" {Harm rF- SInv Stlth+}
  5535 | D:7      | Reached skill level 10 in Axes
  5991 | D:7      | Killed an unseen horror
  6395 | D:7      | Found a roughly hewn altar of Beogh.
  6396 | D:7      | Found the +1 cloak of Starlight {*Dazzle EV+4 Stlth--}
  6616 | D:8      | Noticed a hornet
  6618 | D:8      | Killed a hornet
  6793 | D:8      | Reached XP level 10. HP: 78/78 MP: 14/16
  6899 | D:8      | Reached ** piety under Makhleb
  6953 | D:8      | Noticed a manticore
  6960 | D:8      | Killed a manticore
  7094 | D:8      | Found a bloodstained altar of Trog.
  7478 | D:7      | Killed Lance11888's ghost
  7479 | D:7      | Reached skill level 10 in Armour
  7664 | D:9      | Reached skill level 10 in Invocations
  7709 | D:9      | Noticed Gastronok
  7720 | D:9      | Killed Gastronok
  7721 | D:9      | Reached XP level 11. HP: 82/84 MP: 17/19
  8089 | D:9      | Found a glowing golden altar of the Shining One.
  8101 | D:9      | Found a shadowy altar of Dithmenos.
  8102 | D:9      | Found a sacrificial altar of Ru.
  8103 | D:9      | Found a stormy altar of Qazlal.
  8202 | D:9      | Noticed Psyche
  8207 | D:9      | Killed Psyche
  8276 | D:10     | Entered Level 10 of the Dungeon
  8397 | D:10     | Reached *** piety under Makhleb
  8487 | D:10     | Found a shimmering altar of Xom.
  8572 | D:10     | Found Fufy's Assorted Antiques.
  8695 | D:10     | Noticed a two-headed ogre
  8701 | D:10     | Killed a two-headed ogre
  8965 | D:10     | Found a basalt altar of Yredelemnul.
  9139 | D:11     | Noticed a cyclops
  9150 | D:11     | Killed a cyclops
  9256 | D:11     | Reached skill level 15 in Axes
  9489 | D:11     | Noticed a death yak
  9490 | D:11     | Noticed a death yak
  9493 | D:11     | Noticed a death yak
  9496 | D:11     | Killed a death yak
  9496 | D:11     | Noticed a death yak
  9497 | D:11     | Reached XP level 12. HP: 91/91 MP: 21/21
  9499 | D:11     | Noticed a death yak
  9502 | D:11     | Killed a death yak
  9508 | D:11     | Killed a death yak
  9509 | D:11     | Killed a death yak
  9509 | D:11     | Killed a death yak
  9520 | D:11     | Noticed a two-headed ogre
  9527 | D:11     | Killed a two-headed ogre
  9528 | D:11     | Found a staircase to the Lair.
  9536 | D:11     | Noticed a centaur warrior
  9543 | D:11     | Killed a centaur warrior
  9549 | D:11     | Reached **** piety under Makhleb
  9607 | Lair:1   | Entered Level 1 of the Lair of Beasts
  9628 | Lair:1   | Noticed a boulder beetle
  9636 | Lair:1   | Killed a boulder beetle
 10131 | Lair:1   | Reached XP level 13. HP: 96/96 MP: 22/22
 10904 | Lair:2   | Noticed Fannar
 10913 | Lair:2   | Killed Fannar
 10914 | Lair:2   | Reached skill level 5 in Fighting
 11129 | Lair:2   | Found the +6 lightning scales {swift, rElec}
 11355 | Lair:3   | Acquired 1368 gold pieces
 11467 | Lair:3   | Found a hole to the Spider Nest.
 11474 | Lair:3   | Found a staircase to the Swamp.
 12063 | Lair:4   | Reached ***** piety under Makhleb
 12066 | Lair:4   | Reached skill level 10 in Fighting
 12204 | Lair:4   | Noticed Urug
 12213 | Lair:4   | Killed Urug
 12441 | Lair:5   | Entered Level 5 of the Lair of Beasts
 12444 | Lair:5   | Noticed Sonja
 12463 | Abyss:1  | Found a corrupted altar of Lugonu.
 12463 | Abyss:1  | Cast into level 1 of the Abyss (Sonja)
 12495 | Abyss:1  | Noticed a starcursed mass
 12533 | Abyss:1  | Reached XP level 14. HP: 127/127 MP: 23/23
 12585 | Abyss:1  | Found a corrupted altar of Lugonu.
 12585 | Abyss:1  | Noticed a starcursed mass
 12597 | Abyss:1  | Noticed a tentacled starspawn
 12603 | Abyss:1  | Killed a tentacled starspawn
 12627 | Abyss:2  | Found a corrupted altar of Lugonu.
 12690 | Abyss:2  | Noticed a lich
 12696 | Abyss:2  | Killed a lich
 12701 | Abyss:2  | Noticed a dread lich
 12713 | Abyss:2  | Killed a dread lich
 12730 | Lair:5   | Escaped the Abyss
 12731 | Lair:5   | Killed Sonja
 12787 | Lair:5   | Reached skill level 1 in Dodging
 12969 | Lair:5   | Reached skill level 5 in Dodging
 12975 | Lair:5   | Reached skill level 15 in Invocations
 13084 | Lair:5   | Found a staircase to the Slime Pits.
 13165 | Lair:5   | Reached ****** piety under Makhleb
 13195 | Lair:5   | Reached XP level 15. HP: 137/137 MP: 26/26
 13750 | D:11     | Found a staircase to the Orcish Mines.
 13961 | D:12     | Found a transporter.
 13972 | D:12     | Noticed jlumianski's ghost (journeyman GrGl)
 14065 | D:12     | Found a transporter.
 15550 | Orc:1    | Entered Level 1 of the Orcish Mines
 15698 | Orc:1    | Found a shimmering blue altar of Sif Muna.
 16138 | Orc:2    | Entered Level 2 of the Orcish Mines
 16386 | Orc:2    | Reached skill level 10 in Dodging
 16405 | Orc:2    | Found Beillut's Distillery.
 16405 | Orc:2    | Found Sysuadu's Antique Armour Shop.
 16411 | Orc:2    | Found Ticrej's Antique Weapon Boutique.
 16415 | Orc:2    | Found Burgh's Antique Armour Boutique.
 16433 | Orc:2    | Found a staircase to the Elven Halls.
 16691 | Orc:2    | Found Nucubuq's Antique Armour Shop.
 16697 | Orc:2    | Bought a pair of distressingly furry boots for 228 gold
                  | pieces
 16697 | Orc:2    | Identified the +2 pair of boots of the Teacher {rElec
                  | Regen+} (You bought it in a shop on level 2 of the Orcish
                  | Mines)
 16869 | D:12     | Killed jlumianski's ghost
 17050 | Swamp:1  | Entered Level 1 of the Swamp
 17285 | Swamp:1  | Reached XP level 16. HP: 137/145 MP: 28/28
 17327 | Swamp:1  | Identified the +0 scale mail of the Pink Corner {Rampage
                  | rC- rN+++ Int-4}
 17457 | Swamp:1  | Reached skill level 1 in Throwing
 17457 | Swamp:1  | Reached skill level 1 in Evocations
 18293 | Swamp:3  | Noticed a fenstrider witch
 18303 | Swamp:3  | Killed a fenstrider witch
 18368 | Swamp:3  | Found a hazy altar of Hepliaklqana.
 18436 | Swamp:3  | Noticed a fenstrider witch
 18441 | Swamp:3  | Killed a fenstrider witch
 18534 | Swamp:3  | Reached skill level 5 in Evocations
 18627 | Swamp:3  | Reached skill level 15 in Fighting
 18915 | Swamp:4  | Entered Level 4 of the Swamp
 18984 | Swamp:4  | Reached skill level 5 in Throwing
 19179 | Swamp:4  | Noticed a bone dragon
 19193 | Swamp:4  | Killed a bone dragon
 19224 | Swamp:4  | Got a decaying rune of Zot
 19250 | Swamp:4  | Reached XP level 17. HP: 144/156 MP: 29/29
 20035 | D:14     | Found a radiant altar of Vehumet.
 20351 | D:14     | Found a gate to the Vaults.
 20554 | D:14     | Noticed Josephine
 20559 | D:14     | Killed Josephine
 20751 | D:14     | Found a shadowy altar of Dithmenos.
 20902 | D:15     | Entered Level 15 of the Dungeon
 20947 | D:15     | Found a burning altar of Makhleb.
 21013 | D:15     | Found a staircase to the Depths.
 21504 | Spider:1 | Entered Level 1 of the Spider Nest
 22884 | Spider:2 | Reached skill level 10 in Throwing
 22890 | Spider:2 | Reached skill level 1 in Spellcasting
 23236 | Spider:3 | Reached XP level 18. HP: 168/168 MP: 30/30
 23933 | Spider:4 | Entered Level 4 of the Spider Nest
 24139 | Spider:4 | Reached skill level 15 in Armour
 24474 | Spider:4 | Got a gossamer rune of Zot
 25649 | Elf:1    | Entered Level 1 of the Elven Halls
 25707 | Elf:1    | Found Kihysurr's Antique Weapon Shoppe.
 26638 | Elf:2    | Found Cuplo's Weapon Boutique.
 26736 | Elf:2    | Found Ysylluw's Book Shoppe.
 26750 | Elf:2    | Found Sis Uwist's Assorted Antiques.
 26753 | Elf:2    | Reached XP level 19. HP: 183/183 MP: 31/31
 26753 | Elf:2    | Found a frozen archway.
 26796 | IceCv    | Entered an ice cave
 27247 | IceCv    | Noticed an Ice Fiend
 27266 | IceCv    | Killed an Ice Fiend
 27425 | IceCv    | Identified the +0 falchion of the Snake Pit {freeze, Contam
                  | rPois rN+++ SInv}
 27599 | Elf:2    | Found a huge runed translucent gate.
 27599 | Elf:2    | Found a huge runed translucent gate.
 27599 | Elf:2    | Found a huge runed translucent gate.
 27600 | Elf:2    | Found a huge runed translucent gate.
 27601 | Elf:2    | Found a huge runed translucent gate.
 27654 | Elf:2    | Found Soywkure's Antique Armour Boutique.
 27838 | Elf:2    | Found Ovoaf's Jewellery Shoppe.
 27844 | Elf:2    | Paralysed by an air elemental for 1 turns
 28357 | Elf:3    | Entered Level 3 of the Elven Halls
 28357 | Elf:3    | Found Givuseawn's Magic Scroll Shop.
 28367 | Elf:3    | Noticed Saint Roka
 28397 | Elf:3    | Killed Saint Roka
 28965 | Elf:3    | Identified the +8 dire flail "Niurph" {vorpal, Will+ Str+3}
 28990 | Elf:3    | HP: 8/185 [deep elf high priest/damnation (25)]
 29336 | Elf:3    | Noticed a Hell Sentinel
 29337 | Elf:3    | Noticed a Tzitzimitl
 29339 | Elf:3    | Identified the +7 rapier "Gihoos" {freeze, Stlth+}
 29379 | Elf:3    | Identified the ring "Sidghiet" {rPois rN+ rCorr}
 29391 | Elf:3    | Identified the +1 ring mail "Caruteic" {*Corrode Str+6
                  | Int+5}
 29423 | Elf:3    | Found the +5 robe of Night {Dark Will+ SInv}
 29423 | Elf:3    | Found the +4 robe of Folly {Brilliance Will-∞ Int+8}
 29441 | Elf:3    | Identified the +1 robe of Valiance {rPois rF+ Dex-2 Stlth+}
 29442 | Elf:3    | Identified the +8 flail of False Accusations {vorpal,
                  | Dex+4}
 29448 | Elf:3    | Identified the +2 robe of Puckish Curiosity {rC+++ rN+
                  | Str+3 Dex-2}
 29708 | Elf:3    | Paralysed by an air elemental for 1 turns
 29713 | Elf:3    | Reached XP level 20. HP: 191/193 MP: 32/32
 30098 | Vaults:1 | Entered Level 1 of the Vaults
 30315 | Vaults:1 | Found a huge runed gate.
 30315 | Vaults:1 | Found a huge runed gate.
 30315 | Vaults:1 | Found a huge runed gate.
 30315 | Vaults:1 | Found a huge runed gate.
 30315 | Vaults:1 | Found a huge runed gate.
 30315 | Vaults:1 | Found a huge runed gate.
 30315 | Vaults:1 | Found a huge runed gate.
 30316 | Vaults:1 | Found a huge runed gate.
 30316 | Vaults:1 | Found a huge runed gate.
 30316 | Vaults:1 | Found a huge runed gate.
 30322 | Vaults:1 | Found a huge runed gate.
 30322 | Vaults:1 | Found a huge runed gate.
 30322 | Vaults:1 | Found a huge runed gate.
 30322 | Vaults:1 | Found a huge runed gate.
 30322 | Vaults:1 | Found a huge runed gate.
 30322 | Vaults:1 | Found a huge runed gate.
 30325 | Vaults:1 | Found a huge runed gate.
 30393 | Vaults:1 | Found a huge runed gate.
 30393 | Vaults:1 | Found a huge runed gate.
 30393 | Vaults:1 | Found a huge runed gate.
 30393 | Vaults:1 | Found a huge runed gate.
 30393 | Vaults:1 | Found a huge runed gate.
 30393 | Vaults:1 | Found a huge runed gate.
 30394 | Vaults:1 | Found a huge runed gate.
 30395 | Vaults:1 | Found a huge runed gate.
 30396 | Vaults:1 | Found a huge runed gate.
 30404 | Vaults:1 | Found a huge runed gate.
 30404 | Vaults:1 | Found a huge runed gate.
 30404 | Vaults:1 | Found a huge runed gate.
 30404 | Vaults:1 | Found a huge runed gate.
 30404 | Vaults:1 | Found a huge runed gate.
 30404 | Vaults:1 | Found a huge runed gate.
 30405 | Vaults:1 | Found a huge runed gate.
 30406 | Vaults:1 | Found a huge runed gate.
 30407 | Vaults:1 | Found a huge runed gate.
 30413 | Vaults:1 | Found the +9 sword of Zonguldrok {reap}
 30469 | Vaults:1 | Identified the +8 scimitar of Cooh {vamp, rPois}
 31003 | Vaults:1 | Found a huge runed gate.
 31290 | Vaults:2 | Noticed Zenata
 31299 | Vaults:2 | Killed Zenata
 31802 | Vaults:2 | Found a staircase to the Crypt.
 32353 | Vaults:3 | Noticed Asterion
 32368 | Vaults:3 | Killed Asterion
 32371 | Vaults:3 | Reached XP level 21. HP: 126/207 MP: 33/33
 33726 | Elf:2    | Bought shimmering storm dragon scales for 3485 gold pieces
 33726 | Elf:2    | Identified the +0 storm dragon scales of Ihas {rElec Int+4}
                  | (You bought it in a shop on level 2 of the Elven Halls)
 34012 | Vaults:4 | Noticed Margery
 34026 | Vaults:4 | Killed Margery
 34523 | Vaults:4 | Reached XP level 22. HP: 222/222 MP: 34/34
 35009 | Vaults:4 | Found the +8 longbow "Zephyr" {speed, Dex+3 SInv}
 35921 | Vaults:5 | Entered Level 5 of the Vaults
 35956 | Vaults:5 | Noticed a golden dragon
 35968 | Vaults:5 | Killed a golden dragon
 36008 | Vaults:5 | Noticed Mennas
 36013 | Vaults:5 | Noticed a golden dragon
 36208 | Vaults:5 | Identified the +0 kite shield of the Shining Light {Rampage
                  | MP+9}
 36301 | Vaults:5 | Identified the +9 dire flail "Lelygg" {venom, rF+ rC+
                  | Will+}
 36413 | Vaults:5 | Killed Mennas
 36438 | Vaults:5 | Killed a golden dragon
 36768 | Vaults:5 | Got a silver rune of Zot
 36882 | Vaults:5 | Identified the +7 dagger "Demon's Doom" {flame, Dex+8}
 36985 | Vaults:5 | Reached XP level 23. HP: 236/236 MP: 35/35
 37184 | Vaults:5 | Found Xupaupitz's Distillery.
 37202 | Vaults:5 | Identified the +0 buckler of the Sturgeon {rElec rC+}
 37212 | Vaults:5 | Bought a potion of resistance for 180 gold pieces
 37212 | Vaults:5 | Bought a potion of cancellation for 144 gold pieces
 37212 | Vaults:5 | Bought a potion of heal wounds for 90 gold pieces
 37212 | Vaults:5 | Bought a potion of heal wounds for 90 gold pieces
 37306 | Vaults:5 | Identified the +2 scale mail of the Wumpus {rN++ Str+2
                  | Int-5 Dex-5}
 37307 | Vaults:5 | Identified the +2 helmet of Fyshregy {rElec}
 37324 | Vaults:5 | Identified the +4 quarterstaff of Doom {vorpal, +Blink}
 37764 | Vaults:5 | Got the Dissertation on Collective Rime
 37766 | Vaults:5 | Got Sif Muna's Compilation of Vexing Transposition
 37769 | Vaults:5 | Got the Almanac of the Incandescent Crypt
 38046 | Lair:1   | Upgraded the game from 0.30-a0-134-gb40fab5c76 to
                  | 0.30-a0-135-g630cfc4551
 38224 | Depths:1 | Entered Level 1 of the Depths
 38231 | Depths:1 | Found a broken altar of Ashenzari.
 38305 | Depths:1 | Noticed Louise
 38311 | Depths:1 | Killed Louise
 38345 | Depths:1 | Found a one-way gate to the infinite horrors of the Abyss.
 38615 | Depths:1 | Found a gateway to Hell.
 38622 | Abyss:2  | Cast into level 2 of the Abyss (hell knight)
 38654 | Depths:1 | Escaped the Abyss
 38859 | Depths:1 | Found a one-way gateway to a ziggurat.
 39364 | Depths:2 | Found a one-way gate leading to the halls of Pandemonium.
 39429 | Depths:2 | Found a magical portal.
 39432 | WizLab   | Entered Eringya's Formal Garden
 39681 | WizLab   | Found a blossoming altar of Fedhas.
 39722 | WizLab   | Paralysed by a fenstrider witch for 2 turns
 40153 | Depths:2 | Identified the +6 battleaxe "Newtslayer" {freeze, *Noise
                  | rPois Int+4 Dex+4}
 40297 | Depths:2 | Reached skill level 10 in Evocations
 40442 | Depths:2 | You fall into a shaft and drop 1 floor!
 40773 | Depths:3 | Reached XP level 24. HP: 245/245 MP: 35/35
 40841 | Depths:3 | Noticed the Enchantress
 40850 | Abyss:3  | Cast into level 3 of the Abyss (the Enchantress)
 41009 | Abyss:3  | Noticed an ancient lich
 41018 | Abyss:3  | Killed an ancient lich
 41102 | Abyss:3  | Noticed an ancient lich
 41112 | Abyss:3  | Killed an ancient lich
 41176 | Depths:3 | Escaped the Abyss
 41180 | Depths:3 | Paralysed by a vampire knight for 5 turns
 41193 | Depths:3 | Killed the Enchantress
 41211 | Depths:3 | Identified the +8 arbalest of the Bespelling Seer {elec,
                  | rElec rPois Will+++ Dex-3}
 41478 | Depths:3 | Reached skill level 1 in Ranged Weapons
 41746 | Abyss:3  | Cast into level 3 of the Abyss (a wizard)
 41770 | Depths:2 | Escaped the Abyss
 42088 | Depths:4 | Entered Level 4 of the Depths
 42215 | Depths:4 | Reached skill level 5 in Ranged Weapons
 42325 | Depths:4 | Found a gate to the Realm of Zot.
 43205 | Zot:1    | Entered Level 1 of the Realm of Zot
 43641 | Zot:1    | Reached skill level 10 in Ranged Weapons
 43847 | Zot:1    | Reached XP level 25. HP: 237/253 MP: 35/35
 44236 | Zot:2    | Identified the +5 ring mail "Posan" {Harm Stlth+}
 45291 | Zot:3    | HP: 12/253 [tentacled monstrosity (5)]
 45301 | Zot:3    | Slain by a purple draconian

Illustrated notes

Levels and vault maps discovered:
D:1:      lightli_arrival_flooded_house, layout_loops_ring,
          hellmonk_ecumenical_altar_prayer_group
D:2:      kennysheep_the_goblin_king, layout_loops_corners, grunt_ministairs_15
D:3:      layout_loops_ring, nemelex_spade_bored_becter, gup_sewer_entry_pipe,
          uniq_sigmund, uniq_natasha
D:4:      layout_rooms, lemuel_round_altar
D:5:      layout_rooms, general_overflow_altar, minmay_diced_spiral,
          uniq_blork_the_orc, uniq_edmund
D:6:      layout_basic, grunt_ashenzari_visionary
          [grunt_ashenzari_visionary_swamp, grunt_ashenzari_visionary_spider],
          nicolae_elyvilon_temple_path, minmay_temple_entry_nine_rooms
D:7:      layout_basic, biasface_ghost_orc_armoury
D:8:      layout_gridville, trog_hazing_becter
D:9:      layout_rooms, mainiacjoe_overflow_alcove_3, serial_aquarium,
          aquarium_bridge_long_joined [aquarium_subvault_wall,
          aquarium_subvault_window, aquarium_subvault_bridge,
          aquarium_subvault_wall, aquarium_subvault_balcony,
          aquarium_subvault_window], aquarium_window_1,
          aquarium_window_corridor_1, aquarium_window_1, aquarium_view_2c,
          aquarium_view_2d, aquarium_pool_2, st_stairs_5, uniq_psyche,
          uniq_gastronok
D:10:     layout_small_grid, mainiacjoe_overflow_small_starburst,
          mainiacjoe_overflow_boulevard, serial_shops, shop
D:11:     nrook_guardian_serpent_snake_passage, layout_loops_ring,
          dpeg_lair_monsters, orc_0_dummy
D:12:     layout_irregular_city, gammafunk_ghost_mausoleum
D:13:     layout_loops_corners, nicolae_looking_at_the_future
D:14:     layout_layer_cave, david_vaults_1, nicolae_vehumet_altar_sigil,
          grunt_dithmenos_smoke, uniq_josephine
D:15:     grunt_enter_depths_snipers, layout_cross, bloody_makhleb
Lair:1:   layout_long_grid, nzn_random_ring, lemuel_fruit_tree
Lair:2:   layout_cave_pods, uniq_fannar
Lair:3:   layout_misc_corridors, minmay_swamp_entry_worms,
          spider_nest_entry_funnel_web
Lair:4:   layout_cave_shapes, uniq_urug
Lair:5:   grunt_lair_end_beastmaster, layout_misc_corridors, slime_entry_1,
          uniq_sonja
Swamp:1:  layout_basic_swamp, evilmike_swamp_ruin_house_5, swamp_pool4,
          roderic_carrion_pond
Swamp:2:  layout_basic_swamp, infiniplex_staircase_pool
Swamp:3:  layout_basic_swamp, basic_altar, swamp_pool1,
          nzn_swamp_dancing_lights, infiniplex_staircase_pool_2
Swamp:4:  swamp_pestilence, layout_basic_swamp, nicolae_swamp_necromancer_hut
Spider:1: layout_spider_delve, hangedman_spider_tarantella_strand
Spider:2: layout_cave_pods, dreamdust_wasp_nest
Spider:3: layout_spider_delve
Spider:4: hellmonk_spider_rune_bug_friends, nicolae_spider_paper_wasps
Orc:1:    layout_diamond_mine, led_sif_book
Orc:2:    st_orc_mages, layout_caves, serial_shops, nicolae_square_shop
Elf:1:    eino_elf_arrival_sip, layout_gridlike, serial_shops, shop,
          hangedman_elf_represent
Elf:2:    elven_hall_of_blades_hangedman_alternative
          [nicolae_blade_entry_sentries_behind_glass], layout_loops_corners,
          serial_shops, shop, nicolae_shop_hallway_stairs, shop, shop_coins,
          shop, portal_ice_cave_entry_pillars_1, minivault_11
Elf:3:    minmay_elf_hall, layout_loops_ring, serial_shops, shop_fountains,
          uniq_saint_roka
Vaults:1: not_door_vault_mu, ontoclasm_vaults_fire_temple,
          hangedman_vaults_unwind, grunt_vaults_bifocal, v_pattern_1,
          nicolae_vaults_little_squares_3, dpeg_vaults_monster_row, v_misc_13,
          nicolae_vaults_mini_display_case, layout_vaults_omnibox
Vaults:2: v_misc_4, grunt_vaults_hallway_long, vaults_room_boxed, v_misc_28,
          hangedman_vaults_slice, minmay_crypt_entry_vampire_xt,
          hangedman_vaults_impose, ontoclasm_vaults_pinch,
          nicolae_vaults_little_squares_4, v_pattern_4, vaults_room_fours,
          serial_ice_b, layout_vaults_omnicross, serial_shops, uniq_zenata
Vaults:3: vaults_room_grunt_arrival_ludios, vaults_dpeg_ring, v_pattern_5,
          st_hourglassy, v_misc_8, nicolae_vaults_stairing_the_circle,
          ontoclasm_vaults_eye, nicolae_vaults_three_branches, v_alt_pattern_3,
          vaults_standard_mumra_enter_the_diamond, nicolae_vaults_rhombus_5,
          nicolae_vaults_little_squares_2, grunt_vaults_hallway_short,
          layout_vaults_big_room, uniq_asterion
Vaults:4: nicolae_vaults_big_ls, nicolae_vaults_network_star,
          nicolae_vaults_octagons, v_misc_19, hangedman_vaults_maws,
          nicolae_vaults_network_barrier, v_misc_16, ontoclasm_vaults_twist,
          nicolae_vaults_yaktaur_gun_rack, layout_vaults_ring, uniq_margery
Vaults:5: serial_shops, uniq_mennas
Depths:1: layout_basic, enter_ziggurat_c, nicolae_ashenzari_skybound,
          nicolae_abyss_entry_one_way_or_another, grunt_metal_band,
          kennysheep_small_circle
Depths:2: minmay_coctagon, layout_twisted_cross, abyss_entry, serial_rivers,
          chequers_serial_rivers_room_a, chequers_serial_rivers_room_b,
          chequers_serial_rivers_room_b, chequers_serial_rivers_micro_c,
          chequers_serial_rivers_micro_e, chequers_serial_rivers_micro_a,
          rand_demon_pan_entry_3, hex_tiny, mu_enter_wizlab_7, hell_entry
Depths:3: minmay_inner_zag, layout_cave_pools, chequers_serial_rivers_small_b,
          hellmouth_1, abyss_entry_small_statue_room, uniq_josephina,
          uniq_enchantress
Depths:4: grunt_twist_and_shout, layout_honeycomb, hell_entry,
          minmay_strange_pillars, serial_sigils_hangedman_writhe
Zot:1:    kennysheep_spiral_hall, layout_twisted_circle, bh_zot_lava_cross
Zot:2:    layout_cellular_growth, st_single_dragon_hoard_1, st_stairs_6
Zot:3:    gammafunk_dig_for_victory, layout_basic

Skill      XL: |  1  2  3  4  5  6  7  8  9 10 11 12 13 14 15 16 17 18 19 20 21 22 23 24 25 |
---------------+----------------------------------------------------------------------------+-----
Axes           | 3 4 5 7 8 9 11 13 15 19 20 22 24 26 | 26.8
Fighting       | 4 12 13 15 16 19 20 22 24 25 26 | 26.1
Armour         | 4 5 7 8 10 12 13 14 15 16 17 | 17.3
Shields        | 4 5 6 |  6.0
Invocations    | 2 5 8 10 12 15 16 17 | 17.9
Dodging        | 5 11 12 13 | 13.8
Throwing       | 5 10 11 12 13 | 13.3
Evocations     | 6 8 10 | 10.4
Spellcasting   | 1 3 |  3.4
Ranged Weapons | 10 12 | 12.9

Action                   |  1- 3 |  4- 6 |  7- 9 | 10-12 | 13-15 | 16-18 | 19-21 | 22-24 | 25-27 || total
-------------------------+-------+-------+-------+-------+-------+-------+-------+-------+-------++-------
Melee: War axe           |   111 |   195 |   133 |       |       |       |       |       |       ||   439
       Kick              |       |    32 |    43 |    87 |   169 |       |       |       |       ||   331
       Battleaxe         |       |       |    60 |   204 |   487 |   768 |   766 |   939 |   113 ||  3337
 Fire: Longbow           |       |       |       |       |       |       |       |    83 |    15 ||    98
       Arbalest          |       |       |       |       |       |       |       |     3 |       ||     3
Throw: Boomerang         |       |       |       |       |     2 |    26 |    15 |    86 |    25 ||   154
       Javelin           |       |       |       |       |       |       |     7 |       |       ||     7
Invok: Lesser Servant of |       |       |       |     1 |       |       |       |       |       ||     1
       Greater Servant o |       |       |       |       |     2 |     4 |    13 |     9 |       ||    28
       Major Destruction |       |       |       |       |       |       |       |     4 |       ||     4
Evoke: Wand              |       |       |       |       |     4 |       |     3 |     2 |       ||     9
       Condenser vane    |       |       |       |       |       |       |     1 |     2 |     1 ||     4
  Use: Scroll            |     5 |     7 |     8 |     4 |     7 |     5 |     1 |     8 |     4 ||    49
       Potion            |     3 |     1 |     2 |       |     2 |     1 |     6 |    12 |     1 ||    28
 Stab: Distracted        |       |     1 |       |     7 |    13 |    31 |    24 |    25 |     3 ||   104
       Invisible         |       |       |       |     4 |    16 |    21 |    16 |    20 |     4 ||    81
Armor: Scale mail        |    48 |    85 |       |       |       |       |       |       |       ||   133
       Crystal plate arm |       |    11 |   146 |   110 |   297 |   452 |   428 |   554 |   176 ||  2174
Dodge: Dodged            |    45 |    88 |    32 |   100 |   212 |   529 |   464 |   599 |   185 ||  2254
Block: Buckler           |    22 |    39 |    45 |       |       |       |       |       |       ||   106

Table legend: (Time is in decaauts)
 A = Elapsed time spent in this place.
 B = Non-inter-level travel time spent in this place.
 C = Inter-level travel time spent in this place.
 D = Time resting spent in this place.
 E = Time spent auto-exploring this place.
 F = Levels seen in this place.
 G = Mean time per level.
                   A        B        C        D        E       F      G
               +--------+--------+--------+--------+--------+-----+--------+
         Total |  44915 |  40306 |   4609 |   3465 |  26262 |  53 |  847.5 |
       Dungeon |  13746 |  12054 |   1692 |    651 |   9169 |  15 |  916.4 |
          Lair |   4309 |   3235 |   1074 |     12 |   2472 |   5 |  861.8 |
         Swamp |   2951 |   2794 |    157 |    173 |   1848 |   4 |  737.8 |
   Spider Nest |   3641 |   3317 |    324 |    363 |   2238 |   4 |  910.2 |
  Orcish Mines |   1427 |   1178 |    249 |    122 |    754 |   2 |  713.5 |
   Elven Halls |   3633 |   3354 |    279 |    375 |   1956 |   3 | 1211.0 |
        Vaults |   6896 |   6232 |    664 |    712 |   3926 |   5 | 1379.2 |
        Depths |   3843 |   3708 |    135 |    173 |   2419 |   4 |  960.8 |
           Zot |   2072 |   2041 |     31 |    509 |   1102 |   3 |  690.7 |
         Abyss |    616 |    616 |      0 |      2 |     15 |   5 |  123.2 |
         Sewer |    565 |    565 |      0 |    191 |      0 |   1 |  565.0 |
      Ice Cave |    604 |    604 |      0 |     82 |    209 |   1 |  604.0 |
        Wizlab |    605 |    605 |      0 |     99 |    151 |   1 |  605.0 |
               +--------+--------+--------+--------+--------+-----+--------+

Top non-repeatable levels by time:
Vaults:5: 1728 daAuts
Vaults:4: 1550 daAuts
   Elf:2: 1397 daAuts
  Lair:1: 1360 daAuts
     D:7: 1333 daAuts
    D:13: 1310 daAuts
Vaults:1: 1303 daAuts
Vaults:3: 1228 daAuts
     D:2: 1207 daAuts
Spider:4: 1190 daAuts
   Elf:3: 1188 daAuts
    D:14: 1152 daAuts
  Lair:2: 1112 daAuts
     D:6: 1098 daAuts
Vaults:2: 1084 daAuts
